 Dungeon Crawl Stone Soup version 0.28-a0-1190-g77e1c55843 (webtiles) character file.

Game seed: 14767601217925429046

345 Snarg the Poker (level 6, -16/50 HPs)
             Began as a Demigod Wanderer on Dec 18, 2021.
             Demolished by an ogre (27 damage)
             ... on level 4 of the Dungeon on Dec 19, 2021.
             The game lasted 00:22:37 (5660 turns).

Snarg the Poker (Demigod Wanderer)                  Turns: 5660, Time: 00:22:37

Health: -16/50     AC:  5    Str: 22    XL:     6   Next: 10%
Magic:  14/14      EV: 11    Int: 11    God:
Gold:   123        SH:  0    Dex: 15    Spells: 8/12 levels left

rFire   . . .      SeeInvis +   a - +1 spear
rCold   . . .      Faith    .   (no shield)
rNeg    . . .      Spirit   .   f - +0 ring mail
rPois   .          Reflect  .   e - +0 hat
rElec   .          Harm     .   (no cloak)
rCorr   .          Rampage  .   (no gloves)
Will    +....                   (no boots)
Stlth   +.........              (no amulet)
HPRegen 0.16/turn               r - ring of see invisible
MPRegen 0.14/turn               t - ring of willpower

@: no status effects
A: high mp 1, forlorn, divine attributes
a: no special abilities


You were on level 4 of the Dungeon.
You visited 2 branches of the dungeon, and saw 6 of its levels.

You collected 123 gold pieces.

Inventory:

Hand Weapons
 a - a +1 spear (weapon)
 d - a +0 dagger
 g - a +1 short sword of distortion
Missiles
 h - 71 stones (quivered)
 q - 11 poisoned darts
Armour
 c - a +0 leather armour of fire resistance
 e - a +0 hat (worn)
 f - a +0 ring mail (worn)
Magical Staves
 l - a staff of conjuration
Jewellery
 r - a ring of see invisible (left hand)
 t - a ring of willpower (right hand)
Scrolls
 m - a scroll of magic mapping
 s - a scroll of amnesia
 u - a scroll of enchant weapon {unknown}
Potions
 j - a potion of attraction
 k - 2 potions of curing
 n - a potion of flight {unknown}
 p - a potion of berserk rage {unknown}


   Skills:
 + Level 2.6 Fighting
 + Level 3.7 Polearms
 - Level 1.0 Throwing
 - Level 3.0 Armour
 + Level 1.2 Dodging
 - Level 2.0 Stealth
 + Level 3.6 Spellcasting
 - Level 1.0 Necromancy


You had 8 spell levels left.
You knew the following spells:

 Your Spells              Type           Power      Damage    Failure   Level
a - Animate Skeleton      Necr           8%         N/A       26%         1
b - Tukima's Dance        Hex            2%         N/A       75%         3

Your spell library contained the following spells:

 Spells                   Type           Power      Damage    Failure   Level
 Corpse Rot               Necr/Air       6%         N/A       43%         2
 Portal Projectile        Hex/Tloc       4%         N/A       75%         3


Dungeon Overview and Level Annotations

Branches:
Dungeon (5/15)             Temple (1/1) D:5

Annotations:
D:1 clr
D:2 clr
D:3 Grinder, Jessica
D:4 clr, exclusion: downstairs


Innate Abilities, Weirdness & Mutations

You have an increased reservoir of magic. (+10% MP)
You shall have no god before yourself.
Your divine heritage dramatically boosts your attributes as you level up.


Message History

You throw a poisoned dart. The poisoned dart hits the ogre.
The ogre looks even sicker.
The ogre is lightly wounded.
Found a scroll labelled GEV SACVUA.
A bullfrog zombie comes into view.
The ogre looks more healthy.
There is a stone staircase leading up here.
You throw a stone.
The stone hits the bullfrog zombie but does no damage.
The bullfrog zombie hits you but does no damage.
You hit the bullfrog zombie.
The bullfrog zombie is lightly damaged.
The bullfrog zombie hits you but does no damage.
There are no items here.
The bullfrog zombie hits you. The ogre hits you with a +0 giant club!
You climb upwards.
Level annotation: clr, exclusion: downstairs
There is a stone staircase leading down, spattered with blood here.
You hit the ogre.
The ogre is moderately wounded.
You hit the ogre.
The ogre is heavily wounded.
The ogre misses you.
You hit the ogre.
The ogre is heavily wounded.
The ogre closely misses you.
You hit the ogre.
The ogre is severely wounded.
You hit the ogre.
The ogre is severely wounded.
The ogre hits you with a +0 giant club!
You barely miss the ogre.
The ogre is severely wounded.
The ogre hits you with a +0 giant club!!
* * * LOW HITPOINT WARNING * * *
You barely miss the ogre.
The ogre is severely wounded.
The ogre hits you with a +0 giant club!!
Ouch! That really hurt!
You die...

.........# #.............##
#.......## ##..............##
#.......# #......).........##
....##### #......<..........##
.....#### #..................#
........####..................###
.........[[.....................#
......#.######..O................
.###.)...## #..@.........####..#
###..<....## ##..........## #..##
#.........## ##.......### ##..##
##..........# ######...####....#
#..#........## ##.)##.......
#............## ##.....#....
..#...........## ##...###...
.##............## #.### ##..
.###............# #.# ##.


You could see an ogre.

Vanquished Creatures
  A black bear (Temple)
  3 iguanas
  A killer bee zombie (D:4)
  A hound skeleton (D:5)
  2 adders
  4 gnolls
  An adder skeleton (D:4)
  A worm (D:2)
  4 dart slugs
  4 orcs
  8 endoplasms
  A giant cockroach (D:1)
  9 goblins
  2 hobgoblins
  4 jackals (D:2)
  3 quokkas
  6 ball pythons
  2 bats
  6 kobolds
  7 rats
70 creatures vanquished.

Vanquished Creatures (collateral kills)
  A ball python (D:1)
  An endoplasm (D:1)
2 creatures vanquished.

Grand Total: 72 creatures vanquished

Notes
Turn   | Place    | Note
-------+----------+-------------------------------------------
     0 | D:1      | Snarg the Demigod Wanderer began the quest for the Orb.
     0 | D:1      | Snarg set off with the following items: a +1 spear, a +0
                  | leather armour; and the following spell memorised: Animate
                  | Skeleton; and the following spells available to memorise:
                  | Corpse Rot, Portal Projectile, Tukima's Dance
     0 | D:1      | Reached XP level 1. HP: 17/17 MP: 7/7
   133 | D:1      | Reached skill level 1 in Stealth
   688 | D:1      | Reached XP level 2. HP: 14/24 MP: 9/9
  1116 | D:1      | Reached XP level 3. HP: 25/29 MP: 5/10
  2194 | D:2      | Reached XP level 4. HP: 37/37 MP: 12/12
  2751 | D:3      | Learned a level 3 spell: Tukima's Dance
  2799 | D:3      | Noticed Jessica
  2893 | D:3      | Noticed Grinder
  3777 | D:4      | Upgraded the game from 0.28-a0-1184-g53156a8862 to
                  | 0.28-a0-1190-g77e1c55843
  3786 | D:4      | Reached skill level 1 in Necromancy
  4044 | D:4      | Reached XP level 5. HP: 36/42 MP: 13/13
  4536 | D:5      | Entered Level 5 of the Dungeon
  4575 | D:5      | Noticed an ogre
  4697 | D:4      | Reached skill level 1 in Throwing
  4962 | D:5      | Found a staircase to the Ecumenical Temple.
  4962 | D:5      | Noticed a black bear
  4979 | Temple   | Entered the Ecumenical Temple
  4990 | Temple   | Killed a black bear
  4991 | Temple   | Reached skill level 1 in Dodging
  5355 | Temple   | Reached XP level 6. HP: 8/50 MP: 14/14
  5660 | D:4      | Demolished by an ogre

Illustrated notes

Levels and vault maps discovered:
D:1:      eino_arrival_druids_welcome, layout_basic, dk_noncrumbling_3
D:2:      layout_basic, basic_altar
D:3:      layout_basic, mainiacjoe_overflow_large_starburst,
          nicolae_ecumenical_pavilion, nrook_uturn, uniq_sigmund, uniq_grinder,
          uniq_jessica
D:4:      layout_cave_pods
D:5:      layout_basic, grunt_temple_overflow_open, minmay_temple_entry_slanted
Temple:   minmay_temple_curvy_loop

Skill      XL: |  1  2  3  4  5 |
---------------+----------------+-----
Stealth        | 1 2 |  2.0
Fighting       | 2 |  2.6
Armour         | 2 3 |  3.0
Polearms       | 2 3 |  3.7
Necromancy     | 1 |  1.0
Throwing       | 1 |  1.0
Dodging        | 1 |  1.2
Spellcasting   | |  3.6

Action                   |  1- 3 |  4- 6 || total
-------------------------+-------+-------++-------
Melee: Spear             |   160 |   150 ||   310
Throw: Stone             |     7 |    11 ||    18
       Dart              |       |     3 ||     3
 Cast: Animate Skeleton  |     9 |     4 ||    13
  Use: Potion            |     1 |     5 ||     6
       Scroll            |     1 |     5 ||     6
 Stab: Sleeping          |     4 |     7 ||    11
Armor: Ring mail         |    12 |    20 ||    32
       Skin              |    15 |     4 ||    19
       Leather armour    |    10 |    14 ||    24
Dodge: Dodged            |    57 |    75 ||   132

Table legend: (Time is in decaauts)
 A = Elapsed time spent in this place.
 B = Non-inter-level travel time spent in this place.
 C = Inter-level travel time spent in this place.
 D = Time resting spent in this place.
 E = Time spent auto-exploring this place.
 F = Levels seen in this place.
 G = Mean time per level.
                   A        B        C        D        E       F      G
               +--------+--------+--------+--------+--------+-----+--------+
         Total |   5671 |   5375 |    296 |   1280 |   2889 |   6 |  945.2 |
       Dungeon |   5036 |   4765 |    271 |   1021 |   2571 |   5 | 1007.2 |
        Temple |    634 |    609 |     25 |    259 |    318 |   1 |  634.0 |
               +--------+--------+--------+--------+--------+-----+--------+

Top non-repeatable levels by time:
     D:4: 1868 daAuts
     D:1: 1470 daAuts
     D:2: 1357 daAuts
  Temple: 634 daAuts
     D:3: 263 daAuts
     D:5: 76 daAuts
